 Dungeon Crawl Stone Soup version 0.29-a0-284-gf9362112df (webtiles) character file.

Game seed: 7600048431803059062

1890 garrulousMonolith the Cleaver (level 9, 0/77 HPs)
             Began as a Hill Orc Fighter on Mar 24, 2022.
             Was a Follower of Beogh.
             Killed from afar by a steam dragon (12 damage)
             ... with a ball of steam
             ... on level 7 of the Dungeon.
             The game lasted 00:07:43 (7053 turns).

garrulousMonolith the Cleaver (Hill Orc Fighter)    Turns: 7053, Time: 00:07:43

Health: 0/77       AC: 12    Str: 21    XL:     9   Next: 15%
Magic:  13/13      EV:  7    Int: 10    God:    Beogh [*.....]
Gold:   293        SH:  9    Dex: 10    Spells: 8/8 levels left

rFire   . . .      SeeInvis .   B - +2 war axe (flame)
rCold   + + .      Faith    +   k - +0 kite shield
rNeg    . . .      Spirit   .   K - +0 chain mail
rPois   .          Reflect  .   (no helmet)
rElec   .          Harm     .   h - +0 cloak
rCorr   .          Rampage  .   (no gloves)
Will    .....                   r - +0 pair of boots
Stlth   ..........              O - amulet of faith
HPRegen 0.22/turn               c - ring of protection from cold
MPRegen 0.13/turn               I - ring of protection from cold

@: no status effects
A: no striking features
a: Renounce Religion


You were on level 7 of the Dungeon.
You worshipped Beogh.
Beogh was aware of your devotion.
You visited 1 branch of the dungeon, and saw 7 of its levels.
You also visited: Sewer.

You collected 293 gold pieces.

Inventory:

Hand Weapons
 b - a +0 flail of holy wrath
 d - a +1 dagger of venom
 g - a +0 hand axe of electrocution
 t - the +3 trident of Defence {pain, +Blink rF+ rN+ Str+6}
   (You found it on level 3 of the Dungeon)

   In the hands of one skilled in necromantic magic, it inflicts extra damage on
   living creatures.
   Str:       It affects your strength (+6).
   rF:        It protects you from fire.
   rN:        It protects you from negative energy.
   +Blink:    It lets you blink.
 B - a +2 war axe of flaming (weapon)
Missiles
 u - 11 boomerangs (quivered)
Armour
 h - a +0 cloak (worn)
 k - a +0 kite shield (worn)
 r - a +0 pair of boots (worn)
 K - a +0 chain mail (worn)
Magical Staves
 v - a staff of poison
Jewellery
 c - a ring of protection from cold (left hand)
 j - a ring of wizardry
 s - a ring of flight
 D - a ring of resist corrosion
 I - a ring of protection from cold (right hand)
 O - an amulet of faith (around neck)
Wands
 q - a wand of digging (5)
 H - a wand of paralysis (6)
Scrolls
 i - 2 scrolls of teleportation
 n - a scroll of immolation {unknown}
 o - 2 scrolls of enchant armour {unknown}
 p - 3 scrolls of vulnerability
 w - a scroll of noise {unknown}
 x - a scroll of fog {unknown}
 y - 2 scrolls of enchant weapon {unknown}
 A - a scroll of silence {unknown}
 C - a scroll of brand weapon {unknown}
 E - 2 scrolls of fear {unknown}
 J - 2 scrolls of identify
 M - a scroll of magic mapping {unknown}
Potions
 a - a potion of curing
 e - a potion of magic
 f - a potion of lignification
 l - a potion of cancellation {unknown}
 m - 2 potions of brilliance {unknown}
 z - a potion of flight
 F - 2 potions of haste {unknown}
 G - 2 potions of attraction
 L - a potion of ambrosia {unknown}


   Skills:
 + Level 6.3 Fighting
 * Level 8.6 Axes
 + Level 5.8 Armour
 + Level 3.4 Dodging
 + Level 5.7 Shields
 + Level 5.4 Invocations


You had 8 spell levels left.
You didn't know any spells.
Your spell library contained the following spells:

 Spells                   Type           Power      Damage    Failure   Level
 Apportation              Tloc           0%         N/A       100%        1
 Pain                     Necr           0%         1d4       100%        1
 Slow                     Hex            0%         N/A       100%        1
 Blink                    Tloc           0%         N/A       100%        2
 Confusing Touch          Hex            0%         N/A       100%        3
 Lesser Beckoning         Tloc           0%         N/A       100%        3
 Vampiric Draining        Necr           0%         2d6       100%        3
 Agony                    Necr           0%         N/A       100%        5
 Alistair's Intoxication  Tmut/Pois      0%         N/A       100%        5
 Excruciating Wounds      Necr           0%         N/A       100%        5
 Manifold Assault         Tloc           0%         N/A       100%        5


Dungeon Overview and Level Annotations

Branches:
Dungeon (7/15)             Temple (0/1) D:6           Sewer (visited)

Altars:
Elyvilon
Gozag
Qazlal
Wu Jian
Xom

Shops:
D:1 (   D:4 =


Message History

The orc warrior hits you with a +0 hand axe!
The scorpion completely misses you.
You barely miss the orc warrior.
The orc warrior is moderately wounded.
You closely miss the scorpion.
You feel sick.
The orc warrior hits you but does no damage.
The orc priest begins to cast a cantrip, but forgets the words!
The scorpion stings you but does no damage.
The orc warrior barely misses you.
The orc priest calls upon Beogh to heal the orc warrior.
The orc warrior is healed somewhat.
Okay, then.
Aiming: Paralyse
Press: ? - help, Shift-Dir - straight line
Okay, then.
You feel sick. The scorpion closely misses you.
You block the orc warrior's attack.
You hit the scorpion but do no damage.
The scorpion is almost dead.
You barely miss the orc warrior.
You feel sick.
The scorpion stings you but does no damage.
You block the orc warrior's attack.
The orc priest invokes the aid of Beogh against you.
Beogh smites you!
* * * LOW HITPOINT WARNING * * *
Okay, then.
As you read the scroll of teleportation, it crumbles to dust.
You feel strangely unstable.
You feel sick.
The scorpion stings you but does no damage.
The orc warrior hits you but does no damage.
You feel sick.
The scorpion stings you but does no damage.
You feel sick.
Found a scale mail.
Your surroundings suddenly seem different.
You feel sick.
You are no longer poisoned.
The steam dragon breathes steam at you. The ball of steam hits you!
You die...

#.#....##
###########......#####
.........#.os........[
.........oD###........
.........§............
.........§o###........
........§..# #........
........§..# #........
.......@...# #...#####
......$...## #####
.........## ##########


You could see an orc warrior and an orc priest.

Vanquished Creatures
  Maggie (D:6)
  A steam dragon (D:7)
  A water moccasin (D:7)
  A sky beast (D:6)
  A black bear (D:5)
  An orc warrior (D:6)
  A centaur (D:5)
  An ogre (D:5)
  A phantom (D:5)
  2 bullfrogs
  2 howler monkeys
  A jelly (D:5)
  An orc priest (D:6)
  4 hounds
  Ijyb (D:3)
  Jessica (D:3)
  5 orc wizards
  7 gnolls
  6 adders
  2 river rats (Sewer)
  2 white imps
  2 ufetubi (D:5)
  4 worms
  2 dart slugs
  18 orcs
  8 endoplasms
  4 giant cockroaches
  4 goblins
  3 hobgoblins
  8 jackals
  7 kobolds
  4 quokkas
  11 ball pythons
  3 bats
  10 frilled lizards
  13 rats
144 creatures vanquished.

Notes
Turn   | Place    | Note
-------+----------+-------------------------------------------
     0 | D:1      | garrulousMonolith the Hill Orc Fighter began the quest for
                  | the Orb.
     0 | D:1      | Reached XP level 1. HP: 19/19 MP: 1/1
   110 | D:1      | Reached skill level 3 in Axes
   110 | D:1      | Reached XP level 2. HP: 24/27 MP: 2/2
   212 | D:1      | Found Wyig's Antique Weapon Shoppe.
   306 | D:1      | Reached skill level 1 in Invocations
   778 | D:1      | Found a faded altar of an unknown god.
   909 | D:2      | Reached XP level 3. HP: 32/33 MP: 3/3
  1391 | D:2      | Reached XP level 4. HP: 33/40 MP: 5/5
  1916 | D:3      | Reached skill level 4 in Axes
  1950 | D:3      | Noticed Ijyb
  1954 | D:3      | Paralysed by Ijyb for 6 turns
  1966 | D:3      | Reached skill level 1 in Dodging
  1979 | D:3      | Killed Ijyb
  1980 | D:3      | Reached XP level 5. HP: 24/46 MP: 6/6
  2171 | D:3      | Found a white marble altar of Elyvilon.
  2481 | D:3      | Noticed Jessica
  2491 | D:3      | Killed Jessica
  2531 | D:3      | Reached skill level 5 in Axes
  2531 | D:3      | Reached XP level 6. HP: 52/53 MP: 7/7
  2802 | D:3      | Identified the +3 trident of Defence {pain, +Blink rF+ rN+
                  | Str+6}
  2821 | D:3      | Found an opulent altar of Gozag.
  3227 | D:4      | Found a glowing drain.
  3242 | Sewer    | Entered a sewer
  3949 | D:4      | Became a worshipper of Beogh the Brigand
  4041 | D:4      | Found Uzyeskeph's Jewellery Shop.
  4066 | D:4      | Found a stormy altar of Qazlal.
  4370 | D:5      | Entered Level 5 of the Dungeon
  4400 | D:5      | Reached XP level 7. HP: 43/60 MP: 9/9
  4550 | D:5      | Reached skill level 6 in Axes
  4592 | D:5      | Reached skill level 5 in Fighting
  4669 | D:5      | Found an ornate altar of the Wu Jian Council.
  5402 | D:6      | Reached XP level 8. HP: 58/68 MP: 10/10
  5506 | D:6      | Reached * piety under Beogh
  5507 | D:6      | Reached skill level 7 in Axes
  5507 | D:6      | Reached skill level 5 in Armour
  5508 | D:6      | Reached skill level 5 in Shields
  5736 | D:6      | Found a staircase to the Ecumenical Temple.
  6114 | D:6      | Found a shimmering altar of Xom.
  6165 | D:6      | Noticed Maggie
  6184 | D:6      | Killed Maggie
  6185 | D:6      | Reached skill level 8 in Axes
  6185 | D:6      | Reached skill level 5 in Invocations
  6776 | D:7      | Reached XP level 9. HP: 17/75 MP: 12/12
  7053 | D:7      | Killed from afar by a steam dragon

Illustrated notes

Levels and vault maps discovered:
D:1:      eino_arrival_druids_welcome, layout_loops_ring, serial_shops, shop,
          hellmonk_ecumenical_altar_pennies_from_heaven, minivault_14,
          grunt_decor_clamped, amcnicky_mini_corridor_feature,
          grunt_decor_mini_mirrors
D:2:      layout_basic
D:3:      layout_rooms, elyvilon_altar_3, grunt_gozag_statues, uniq_ijyb,
          uniq_jessica
D:4:      layout_cave_pods, kennysheep_little_box, cheibrodos_sewer_entry_bend,
          serial_shops, shop
D:5:      layout_loops_ring, lemuel_doored_altar
D:6:      layout_basic, xom_teletrap_fun, minmay_temple_entry_nine_rooms,
          uniq_maggie
D:7:      layout_rooms

Skill      XL: |  1  2  3  4  5  6  7  8 |
---------------+-------------------------+-----
Axes           | 3 4 5 6 8 |  8.6
Invocations    | 1 2 3 5 |  5.4
Fighting       | 4 5 6 |  6.3
Dodging        | 1 2 3 |  3.4
Armour         | 4 5 |  5.8
Shields        | 4 5 |  5.7

Action                   |  1- 3 |  4- 6 |  7- 9 || total
-------------------------+-------+-------+-------++-------
Melee: War axe           |   105 |   176 |    23 ||   304
       Hand axe          |       |    22 |   155 ||   177
Invok: Convert to Beogh  |       |     1 |       ||     1
  Use: Potion            |     2 |     1 |     2 ||     5
       Scroll            |       |     5 |     2 ||     7
Armor: Scale mail        |    69 |   112 |    63 ||   244
       Chain mail        |       |       |    46 ||    46
Dodge: Dodged            |    64 |    65 |    59 ||   188
Block: Buckler           |    27 |       |       ||    27
       Kite shield       |     8 |    98 |    74 ||   180

Table legend: (Time is in decaauts)
 A = Elapsed time spent in this place.
 B = Non-inter-level travel time spent in this place.
 C = Inter-level travel time spent in this place.
 D = Time resting spent in this place.
 E = Time spent auto-exploring this place.
 F = Levels seen in this place.
 G = Mean time per level.
                   A        B        C        D        E       F      G
               +--------+--------+--------+--------+--------+-----+--------+
         Total |   7246 |   7105 |    141 |   1078 |   4677 |   8 |  905.8 |
       Dungeon |   6782 |   6641 |    141 |   1078 |   4377 |   7 |  968.9 |
         Sewer |    463 |    463 |      0 |      0 |    300 |   1 |  463.0 |
               +--------+--------+--------+--------+--------+-----+--------+

Top non-repeatable levels by time:
     D:6: 1346 daAuts
     D:3: 1164 daAuts
     D:2: 1047 daAuts
     D:5: 1032 daAuts
     D:4: 964 daAuts
     D:1: 901 daAuts
   Sewer: 463 daAuts
     D:7: 325 daAuts
